 Dungeon Crawl Stone Soup version 0.18.1-1-g2f07953 (webtiles) character file.

44 Eldingar the Ruffian (level 3, -7/28 HPs)
             Began as a Draconian Transmuter on June 14, 2016.
             Killed from afar by Jessica (11 damage)
             ... with a wand of flame
             ... on level 3 of the Dungeon.
             The game lasted 00:17:19 (1778 turns).

Eldingar the Ruffian (Draconian Transmuter)         Turns: 1778, Time: 00:17:20

Health: -7/28      AC:  5    Str: 13    XL:     3   Next: 41%
Magic:  6/6        EV: 12    Int: 13    God:
Gold:   41         SH:  0    Dex: 14    Spells: 1 memorised, 5 levels left

rFire  . . .     SeeInvis .     h - +1 hand axe {Best Axe}
rCold  . . .     Gourm    .     (armour unavailable)
rNeg   . . .     Faith    .     (no shield)
rPois  .         Spirit   .     (helmet restricted)
rElec  .         Dismiss  .     (no cloak)
rCorr  .         Reflect  .     (no gloves)
SustAt .         Harm     .     (no boots)
MR     .....                    (no amulet)
Stlth  +.........               (no ring)
                                f - +3 ring of dexterity

@: not resistant to hostile enchantments, very unstealthy
A: unfitting armour, cold-blooded, AC +5
a: no special abilities


You were on level 3 of the Dungeon.
You were not hungry.

You visited 1 branch of the dungeon, and saw 3 of its levels.

You collected 41 gold pieces.

Inventory:

Hand Weapons
 e - a +2 dagger of flaming
 h - a +1 hand axe (weapon) {Best Axe}
 n - a +0 quarterstaff
Missiles
 a - 75 arrows
 d - 35 stones (quivered)
 l - 42 poisoned needles
Armour
 g - a +1 ring mail
 j - a +0 helmet
Jewellery
 f - a +3 ring of dexterity (left hand)
 r - an uncursed amulet of harm {unknown}
Wands
 p - a wand of acid (10/15)
Scrolls
 q - a scroll of remove curse
Potions
 i - a potion of magic {unknown}
 k - a potion of curing
 o - a potion of degeneration {unknown}
Books
 b - a book of Changes

   Spells                             Type                      Level
   a - Beastly Appendage              Transmutation                1
   b - Sticks to Snakes               Transmutation                2
   c - Spider Form                    Transmutation/Poison         3
   d - Ice Form                       Ice/Transmutation            4
   e - Blade Hands                    Transmutation                5
Comestibles
 c - 2 bread rations
 m - a meat ration


   Skills:
 + Level 1.3 Fighting
 + Level 0.2 Axes
 + Level 2.1 Dodging
 + Level 0.6 Stealth
 + Level 3.5 Unarmed Combat
 + Level 2.2 Spellcasting
 + Level 2.3 Transmutations


You had 5 spell levels left.
You knew the following spells:

 Your Spells              Type           Power        Failure   Level  Hunger
a - Beastly Appendage     Trmt           #.....       12%         1    ##.....


Dungeon Overview and Level Annotations

Branches:
Dungeon (3/15)

Altars:

Annotations:
D:3 Jessica


Innate Abilities, Weirdness & Mutations

Your plain brown scales are hard (AC +5).
Your body does not fit into most forms of armour.
You are cold-blooded and may be slowed by cold attacks.


Message History

You see here a sharpened wooden wand.
(D) Dungeon
Where to? (? - help)
Okay, then.
p - a wand of acid The giant cockroach misses you.
The giant cockroach bites you but does no damage.
You hit the giant cockroach.
You kill the giant cockroach!
You completely miss the worm. The worm bites you.
* * * LOW HITPOINT WARNING * * *
Jessica zaps a wand.
The puff of flame misses you.
It is a wand of flame.
Jessica mumbles some strange words.
Jessica blinks!
You see here a dented ivory amulet.
r - a dented ivory amulet Jessica gestures at you while chanting.
You resist with some effort.
Jessica zaps a wand.
The puff of flame hits you!
You die...

.................
......w.#...............
.###....#...............
#..######...............
#...# #w..@...........
##.># #..............
.#### ###....#........
.# .. #..w####....#
.#... #....w....@.#
..................#
≈≈≈...............+
##≈.......#.......#
≈.......#.......#
##≈.......#.........
≈≈≈....####..........
.§..... ...........
≈§≈..


You could see 2 worms and Jessica.

Vanquished Creatures
  An adder (D:2)
  An ooze (D:1)
  A dart slug (D:2)
  2 giant cockroaches (D:3)
  5 goblins
  3 hobgoblins
  4 kobolds
  A quokka (D:3)
  5 bats
  A giant newt (D:1)
  3 rats
27 creatures vanquished.

Notes
Turn   | Place    | Note
--------------------------------------------------------------
     0 | D:1      | Eldingar the Draconian Transmuter began the quest for the Orb.
     0 | D:1      | Reached XP level 1. HP: 16/16 MP: 3/3
   356 | D:1      | Reached XP level 2. HP: 8/23 MP: 5/5
  1299 | D:2      | Reached XP level 3. HP: 28/28 MP: 6/6
  1759 | D:3      | Noticed Jessica
  1778 | D:3      | Killed from afar by Jessica

Skill      XL: |  1 |
---------------+----+-----
Dodging        | 2 |  2.1
Fighting       | |  1.3
Axes           | |  0.2
Stealth        | |  0.6
Unarmed Combat | |  3.5
Spellcasting   | |  2.2
Transmutations | |  2.3

Action                   || total
-------------------------++-------
Melee: Dagger            ||     9
       Unarmed           ||     4
       Hand axe          ||    72
       Club              ||     3
       Tailslap          ||    11
       Punch             ||     1
  Use: Scroll            ||     7
       Potion            ||     1
  Eat: Bread ration      ||     1
Armor: Skin              ||    25
Dodge: Dodged            ||    68
